 Dungeon Crawl Stone Soup version 0.25.1-2-g60ff931df9 (webtiles) character file.

Game seed: 3245163575829055052

730 Mitsuki the Covered (level 7, -2/62 HPs)
             Began as a Minotaur Fighter on Aug 4, 2020.
             Was a Follower of Qazlal.
             Killed from afar by an orc wizard (6 damage)
             ... with a puff of flame
             ... on level 5 of the Dungeon.
             The game lasted 00:08:19 (3483 turns).

Mitsuki the Covered (Minotaur Fighter)              Turns: 3483, Time: 00:08:19

Health: -2/62      AC: 10    Str: 21    XL:     7   Next: 44%
Magic:  0/25       EV: 10    Int:  5    God:    Qazlal [*.....]
Gold:   189        SH:  7    Dex: 11    Spells: 6/6 levels left

rFire    . . .     SeeInvis .   a - +0 flail
rCold    . . .     Gourm    .   n - +0 buckler
rNeg     . . .     Faith    .   d - +4 ring mail
rPois    .         Spirit   +   (helmet restricted)
rElec    .         Reflect  .   (no cloak)
rCorr    .         Harm     .   (no gloves)
MR       .....                  (no boots)
Stlth    ..........             l - amulet of guardian spirit
HPRegen  0.20/turn              q - ring of magical power
MPRegen  0.19/turn              p - ring of magical power

@: no status effects
A: retaliatory headbutt, horns 2
a: Renounce Religion


You were on level 5 of the Dungeon.
You worshipped Qazlal.
Qazlal was aware of your devotion.
You were not hungry.

You visited 1 branch of the dungeon, and saw 5 of its levels.

You collected 189 gold pieces.

Inventory:

Hand Weapons
 a - a +0 flail (weapon)
Armour
 c - a +0 kite shield
 d - a +4 ring mail (worn)
 n - a +0 buckler (worn)
Magical Staves
 s - an uncursed staff of fire
Jewellery
 l - an amulet of guardian spirit (around neck)
 p - a ring of magical power (right hand)
 q - a ring of magical power (left hand)
Scrolls
 b - a scroll of random uselessness {unknown}
 e - 2 scrolls of teleportation {unknown}
 h - 2 scrolls of enchant armour {unknown}
 i - 5 scrolls of identify {unknown}
 r - a scroll of blinking {unknown}
 t - 2 scrolls of fog {unknown}
 v - a scroll of immolation {unknown}
 y - a scroll of magic mapping {unknown}
Potions
 g - 2 potions of heal wounds {unknown}
 j - a potion of curing {unknown}
 k - 2 potions of brilliance {unknown}
 m - a potion of flight {unknown}
 o - a potion of lignification {unknown}
 u - a potion of stabbing {unknown}
 w - a potion of might
Comestibles
 f - 7 rations
 x - a chunk of flesh


   Skills:
 + Level 5.9 Fighting
 + Level 5.2 Maces & Flails
 + Level 5.9 Armour
 + Level 5.9 Shields
 + Level 2.2 Invocations


You had 6 spell levels left.
You didn't know any spells.
Your spell library was empty.

Dungeon Overview and Level Annotations

Branches:
Dungeon (5/15)             Temple (0/1) D:4

Altars:
Fedhas
Kikubaaqudgha
Qazlal


Innate Abilities, Weirdness & Mutations

You reflexively headbutt those who attack you in melee.
You have a pair of horns on your head.


Message History

You take 5 damage, and have 10/62 hp.
You now have 5/25 mp.
You barely miss something.
You hear some strange, mumbled words.
A magic dart appears from out of thin air!
The magic dart hits you but does no damage.
Something hits you.
* * * LOW HITPOINT WARNING * * *
Something hits you but does no damage.
The orc priest hits you but does no damage.
You take 1 damage, and have 9/62 hp.
You closely miss something.
You hear some strange, mumbled words.
A puff of frost appears from out of thin air!
The puff of frost hits you!
* * * LOW MAGIC WARNING * * *;
* * * LOW HITPOINT WARNING * * *
You hear some strange, mumbled words.
A puff of flame appears from out of thin air!
The puff of flame hits you!
* * * LOW MAGIC WARNING * * *
You die...

###### #######
#.....##{@...##
........)w{...##
.......ol......#
..............(#
...............#
.?.............#
.................
.............(.#.
..............##


You could see a worm, an orc priest and a leopard gecko.

Vanquished Creatures
  2 phantoms (D:4)
  An ogre (D:4)
  A bullfrog (D:4)
  3 orc priests
  A bullfrog skeleton (D:4)
  A hound (D:5)
  3 orc wizards
  An iguana (D:4)
  A worker ant (D:4)
  4 gnolls (D:3)
  3 adders
  3 dart slugs
  3 leopard geckos
  12 orcs
  A giant cockroach (D:1)
  3 goblins
  4 hobgoblins
  5 kobolds
  3 quokkas
  A ball python (D:1)
  2 bats (D:1)
  4 frilled lizards
  A quokka skeleton (D:3)
  4 rats (D:2)
67 creatures vanquished.

Notes
Turn   | Place    | Note
-------+----------+-------------------------------------------
     0 | D:1      | Mitsuki the Minotaur Fighter began the quest for the Orb.
     0 | D:1      | Reached XP level 1. HP: 19/19 MP: 0/0
   166 | D:1      | Reached XP level 2. HP: 27/27 MP: 1/1
   670 | D:2      | Found a stormy altar of Qazlal.
   681 | D:2      | Became a worshipper of Qazlal Stormbringer
   772 | D:2      | Reached XP level 3. HP: 33/33 MP: 2/2
  1485 | D:3      | Reached XP level 4. HP: 15/40 MP: 3/3
  1772 | D:3      | Found a faded altar of an unknown god.
  1841 | D:3      | Found a blossoming altar of Fedhas.
  1917 | D:3      | Reached * piety under Qazlal
  1932 | D:3      | Found an ancient bone altar of Kikubaaqudgha.
  1984 | D:3      | Reached XP level 5. HP: 46/47 MP: 4/4
  2379 | D:4      | Noticed a phantom
  2398 | D:4      | Killed a phantom
  2398 | D:4      | Reached skill level 5 in Fighting
  2398 | D:4      | Reached skill level 5 in Armour
  2398 | D:4      | Reached skill level 5 in Shields
  2666 | D:4      | Reached XP level 6. HP: 51/56 MP: 5/5
  2965 | D:4      | Reached skill level 1 in Invocations
  3079 | D:4      | Found a staircase to the Ecumenical Temple.
  3097 | D:4      | Reached skill level 5 in Maces & Flails
  3097 | D:4      | Reached XP level 7. HP: 48/61 MP: 7/7
  3456 | D:5      | Entered Level 5 of the Dungeon
  3483 | D:5      | Killed from afar by an orc wizard

Illustrated notes

Levels and vault maps discovered:
D:1:      minmay_arrival_jagged, layout_loops_ring, minmay_tetromino_o4
D:2:      layout_loops_cross, grunt_qazlal_sundering
D:3:      layout_rooms, lemuel_crystal_altar, chequers_ecumenical_altar_island,
          fedhas_altar_1
D:4:      layout_basic, temple_fountains, first_ration
D:5:      layout_rooms, marbit_many_paths, gammafunk_ghost_grave, uniq_duvessa

Skill      XL: |  1  2  3  4  5  6  7 |
---------------+----------------------+-----
Shields        | 4 5 |  5.9
Armour         | 4 5 |  5.9
Fighting       | 4 5 |  5.9
Maces & Flails | 3 4 5 |  5.2
Invocations    | 1 2 |  2.2

Action                   |  1- 3 |  4- 6 |  7- 9 || total
-------------------------+-------+-------+-------++-------
Melee: Flail             |    67 |    85 |    34 ||   186
       Headbutt          |     6 |    15 |     4 ||    25
  Use: Potion            |       |     1 |       ||     1
  Eat: Chunk             |     2 |     5 |     1 ||     8
Armor: Scale mail        |    30 |    21 |       ||    51
       Ring mail         |       |    17 |    25 ||    42
Dodge: Dodged            |    28 |    57 |    23 ||   108
Block: Kite shield       |    18 |       |       ||    18
       Buckler           |     8 |    31 |    16 ||    55
